 Dungeon Crawl Stone Soup version 0.27.1-33-g824d729ab1 (webtiles) character file.

Game seed: 13978522887279667177

237 DenSaoPin the Chopper (level 6, -1/51 HPs)
             Began as a Hill Orc Monk on Nov 25, 2021.
             Slain by an ogre (18 damage)
             ... on level 4 of the Dungeon.
             The game lasted 00:07:14 (4552 turns).

DenSaoPin the Chopper (Hill Orc Monk)               Turns: 4552, Time: 00:07:15

Health: -1/51      AC: 13    Str: 16    XL:     6   Next: 6%
Magic:  6/6        EV:  5    Int: 10    God:
Gold:   97         SH:  0    Dex: 13    Spells: 5/5 levels left

rFire    . . .     SeeInvis .   a - +0 hand axe
rCold    . . .     Faith    +   (no shield)
rNeg     . . .     Spirit   .   m - +0 plate armour
rPois    .         Reflect  .   (no helmet)
rElec    .         Harm     .   l - +0 cloak
rCorr    .         Rampage  .   (no gloves)
Will     .....                  (no boots)
Stlth    ..........             r - amulet of faith
HPRegen  0.17/turn              (no ring)
MPRegen  0.10/turn              (no ring)

@: no status effects
A: no striking features
a: no special abilities


You were on level 4 of the Dungeon.
You visited 1 branch of the dungeon, and saw 4 of its levels.

You collected 97 gold pieces.

Inventory:

Hand Weapons
 a - a +0 hand axe (weapon)
Armour
 b - a +0 robe
 e - a +0 leather armour
 l - a +0 cloak (worn)
 m - a +0 plate armour (worn)
Jewellery
 r - an amulet of faith (around neck)
Wands
 u - a wand of iceblast (9)
Scrolls
 d - 2 scrolls of torment {unknown}
 f - a scroll of enchant weapon {unknown}
 g - a scroll of enchant armour {unknown}
 j - a scroll of brand weapon {unknown}
 k - a scroll of fog {unknown}
 o - 2 scrolls of acquirement {unknown}
 q - a scroll of summoning {unknown}
 s - 2 scrolls of identify {unknown}
 t - a scroll of magic mapping {unknown}
Potions
 c - 3 potions of heal wounds
 h - a potion of cancellation {unknown}
 i - a potion of haste {unknown}
 n - 2 potions of curing {unknown}
 p - a potion of might {unknown}
 v - a potion of magic {unknown}


   Skills:
 - Level 3.6 Fighting
 + Level 6.7 Axes
 + Level 4.2 Armour
 - Level 2.4 Dodging
 - Level 1.5 Stealth


You had 5 spell levels left.
You didn't know any spells.
Your spell library was empty.

Dungeon Overview and Level Annotations

Branches:
Dungeon (4/15)
 Temple: D:4-7

Altars:


Message History

Items here: ( ) [ †.
u - a wand of iceblast (9)
Found 14 sling bullets.
Found a stone staircase leading down.
v - a bubbling cyan potion
There is a stone staircase leading down here.
Found a scroll labelled SESEIMNYTAO.
Found a twisted pearl ring.
Found a fizzy inky potion.
An ogre comes into view. It is wielding a +0 giant spiked club.
The ogre shouts!
The ogre barely misses you.
You see here a scroll labelled SESEIMNYTAO.
You slash the ogre!
The ogre is moderately wounded.
You hit the ogre.
The ogre is moderately wounded.
The ogre hits you with a +0 giant spiked club!
You completely miss the ogre.
The ogre is moderately wounded.
The ogre hits you but does no damage.
You barely miss the ogre.
The ogre is moderately wounded.
The ogre completely misses you.
You closely miss the ogre.
The ogre is moderately wounded.
Your plate armour prevents you from hitting the ogre.
The ogre is moderately wounded.
The ogre hits you with a +0 giant spiked club!
You hit the ogre.
The ogre is heavily wounded.
The ogre hits you with a +0 giant spiked club.
Your plate armour prevents you from hitting the ogre.
The ogre is heavily wounded.
The ogre hits you with a +0 giant spiked club!
* * * LOW HITPOINT WARNING * * *
You are too injured to fight recklessly!
Found a small lapis lazuli amulet.
The ogre hits you with a +0 giant spiked club!!
You die...

### #.##### ##.## ##.##..#
##...# #......#####....##
#....#.##..#....^#
......###........#
.....#.##........###
.....#.............##
...........#....@...#
........##.##.#..O.####
.........#....##....#.##
....†..................#
.....<...#.....#.##....#
..).....##.....#####...#####
........#......#.....>.....##
...............#....#.......#
......#.............##......##


You could see an ogre.

Vanquished Creatures
  A necrophage (D:4)
  A jelly (D:3)
  3 gnolls
  2 adders
  A worm (D:2)
  3 dart slugs
  5 orcs
  5 ball pythons
  2 endoplasms
  4 giant cockroaches
  6 goblins
  5 hobgoblins
  2 quokkas
  7 bats
  4 frilled lizards
  6 kobolds
  5 rats
62 creatures vanquished.

Vanquished Creatures (others)
  An endoplasm (D:1)
1 creature vanquished.

Grand Total: 63 creatures vanquished

Notes
Turn   | Place    | Note
-------+----------+-------------------------------------------
     0 | D:1      | DenSaoPin the Hill Orc Monk began the quest for the Orb.
     0 | D:1      | Reached XP level 1. HP: 19/19 MP: 1/1
   157 | D:1      | Reached skill level 1 in Armour
   157 | D:1      | Reached XP level 2. HP: 25/26 MP: 2/2
   321 | D:1      | You fall into a shaft and drop 1 floor!
   519 | D:2      | Reached XP level 3. HP: 24/31 MP: 3/3
   973 | D:1      | Reached skill level 5 in Axes
  1173 | D:1      | Found a faded altar of an unknown god.
  1896 | D:2      | Reached XP level 4. HP: 33/39 MP: 4/4
  3858 | D:4      | Noticed a necrophage
  4171 | D:3      | Reached skill level 6 in Axes
  4171 | D:3      | Reached XP level 5. HP: 24/45 MP: 5/5
  4342 | D:4      | Killed a necrophage
  4343 | D:4      | Reached XP level 6. HP: 44/51 MP: 6/6
  4552 | D:4      | Slain by an ogre

Illustrated notes

Levels and vault maps discovered:
D:1:      psy_arrival_conway, layout_loops_ring, ebering_ecumenical_altar_box
D:2:      layout_loops_corners, hangedman_decor_clover_reticule,
          minmay_distorted
D:3:      layout_loops_corners, grunt_ministairs_12
D:4:      layout_cave_pools

Skill      XL: |  1  2  3  4  5 |
---------------+----------------+-----
Armour         | 1 2 3 4 |  4.2
Axes           | 5 6 |  6.7
Fighting       | |  3.6
Dodging        | |  2.4
Stealth        | |  1.5

Action                   |  1- 3 |  4- 6 || total
-------------------------+-------+-------++-------
Melee: Hand axe          |   117 |   144 ||   261
  Use: Potion            |     1 |       ||     1
 Stab: Sleeping          |     4 |       ||     4
Armor: Robe              |    33 |       ||    33
       Plate armour      |    12 |    98 ||   110
       Leather armour    |     4 |       ||     4
Dodge: Dodged            |   105 |    35 ||   140
